 Dungeon Crawl Stone Soup version 0.31-a0-1424-g2add1c7 (webtiles) character file.

Game seed: 12384584498123821712

24229 samfromsteam the Fighter (level 12, -12/115 HPs)
             Began as a Minotaur Berserker on Dec 26, 2023.
             Was an Elder of Trog.
             Killed from afar by an ironbound thunderhulk (40 damage)
             ... with a bolt of lightning
             ... on level 13 of the Dungeon.
             The game lasted 00:39:26 (13504 turns).

samfromsteam the Fighter (Minotaur Berserker)      Turns: 13504, Time: 00:39:26

Health: -12/115    AC: 19    Str: 26    XL:     12   Next: 78%
Magic:  11/11      EV: 18    Int:  4    God:    Trog [****..]
Gold:   1134       SH:  0    Dex: 11    Spells: 11/11 levels left

rFire   . . .        j - +2 whip (elec)
rCold   + . .        (no shield)
rNeg    . . .        O - +0 chain mail {rC+}
rPois   +            (helmet restricted)
rElec   .            K - scarf {+Inv}
rCorr   .            v - +2 pair of gloves {hurl}
SInv    .            g - +1 pair of boots
Will    .....        Q - amulet of regeneration Stlth
                     u - ring of poison resistance
HPRegen 1.19/turn    M - +5 ring of evasion
MPRegen 0.12/turn

%: no passive effects
@: on berserk cooldown
A: horns 2, retaliatory headbutt
a: Renounce Religion, Evoke Invisibility, Berserk, Trog's Hand, Brothers in Arms


You were on level 13 of the Dungeon.
You worshipped Trog.
Trog was greatly pleased with you.
You visited 1 branch of the dungeon, and saw 13 of its levels.
You also visited: Ice Cave.

You collected 1134 gold pieces.

Inventory:

Hand Weapons
 j - a +2 whip of electrocution (weapon)
 k - a +4 spear of venom
 p - a +1 demon whip of freezing
Missiles
 J - 2 throwing nets {!f}
Armour
 g - a +1 pair of boots (worn)
 v - a +2 pair of gloves of hurling (worn)
 K - a scarf of invisibility (worn)
 O - a +0 chain mail of cold resistance (worn)
 P - the +3 leather armour of the Wary Seers {rN+ Dex+2}
   (You found it on level 11 of the Dungeon)

   Dex+2:     It affects your dexterity (+2).
   rN+:       It protects you from negative energy.
Jewellery
 u - a ring of poison resistance (left hand)
 M - a +5 ring of evasion (right hand)
 Q - an amulet of regeneration (around neck)
Wands
 i - a wand of flame (53)
 x - a wand of charming (20) (quivered)
 H - a wand of quicksilver (6)
Scrolls
 d - 2 scrolls of torment {unknown}
 e - a scroll of enchant weapon {unknown}
 h - 2 scrolls of vulnerability {unknown}
 l - a scroll of silence {unknown}
 q - a scroll of poison {unknown}
 r - a scroll of noise {unknown}
 t - a scroll of immolation {unknown}
 w - 3 scrolls of teleportation {unknown}
 y - a scroll of fear {unknown}
 z - 2 scrolls of fog {unknown}
 F - 4 scrolls of enchant armour {unknown}
Potions
 b - a potion of haste {unknown}
 c - 3 potions of attraction {!q}
 m - 2 potions of ambrosia
 o - 2 potions of mutation {!q!q}
 s - 3 potions of resistance
 A - 2 potions of might {unknown}
 B - a potion of degeneration {unknown}
 C - 2 potions of curing
 D - 2 potions of berserk rage {unknown}
 E - 2 potions of cancellation {unknown}
 G - 3 potions of heal wounds {unknown}
 I - a potion of enlightenment {unknown}


   Skills:
 + Level 13.5 Fighting
 + Level 13.4 Axes
 + Level 13.2 Armour
 + Level 12.2 Dodging


You had 11 spell levels left.
You didn't know any spells.
Your spell library contained the following spells:

 Spells                   Type           Power      Damage    Failure   Level
 Magic Dart               Conj           0%         1d3       89%         1
 Blink                    Tloc           0%         N/A       96%         2
 Lesser Beckoning         Tloc           0%         N/A       96%         2
 Momentum Strike          Conj/Tloc      0%         3d8       96%         2
 Searing Ray              Conj           0%         2d4       96%         2
 Animate Armour           Summ/Erth      0%         N/A       100%        4
 Animate Dead             Necr           0%         N/A       100%        4
 Fulminant Prism          Conj/Alch      0%         3d5       100%        4
 Passage of Golubria      Tloc           0%         N/A       100%        4
 Summon Lightning Spire   Summ/Air       0%         N/A       100%        4
 Vhi's Electric Charge    Tloc/Air       0%         N/A       100%        4
 Alistair's Intoxication  Alch           0%         N/A       100%        5
 Arcjolt                  Conj/Air       0%         1d10      100%        5
 Borgnjor's Vile Clutch   Necr/Erth      0%         N/A       100%        5
 Lee's Rapid Deconstruct  Erth           0%         3d4*      100%        5
 Silence                  Hex/Air        0%         N/A       100%        5
 Death Channel            Necr           0%         N/A       100%        6
 Eringya's Noxious Bog    Alch           0%         4d6       100%        6
 Plasma Beam              Fire/Air       0%         2x1d10    100%        6
 Lehudib's Crystal Spear  Conj/Erth      0%         10d2      100%        8


Dungeon Overview and Level Annotations

Branches:
Dungeon (13/15)            Temple (0/1) D:4            Lair (0/5) D:11
    Orc (0/2) D:10          IceCv (visited)
 Vaults: D:13-14

Altars:
Elyvilon
Makhleb
Qazlal
Vehumet
Wu Jian
Zin

Annotations:
D:6 1 runed translucent door


Innate Abilities, Weirdness & Mutations

You have a pair of horns on your head.
You reflexively headbutt those who attack you in melee.


Message History

You are no longer berserk.
You are exhausted.
You feel yourself slow down.
Your skin crawls.
You feel strong-willed.
You fail to use your ability.
Strange energies crackle from the ironbound thunderhulk's apparatus.
The ironbound thunderhulk blinks!
Electricity crackles from the ironbound thunderhulk's apparatus.
The bolt of lightning misses you.
Strange energies crackle from the ironbound thunderhulk's apparatus.
The ironbound thunderhulk blinks!
You hear the loud beating of a drum nearby.
Electricity crackles from the ironbound thunderhulk's apparatus.
The bolt of lightning hits you!!!
Ouch! That really hurt!
* * * LOW HITPOINT WARNING * * *
Strange energies crackle from the ironbound thunderhulk's apparatus.
The ironbound thunderhulk blinks!
You feel better.
The ironbound thunderhulk hits you with a +0 dire flail.
You feel yourself speed up.
You feel the effects of Trog's Hand fading.
Electricity crackles from the ironbound thunderhulk's apparatus.
The bolt of lightning hits you!!!
* * * LOW HITPOINT WARNING * * *
Unknown command.
Your ogre goes berserk!
Trog will no longer gift you weapons.
You swap places.
Your ogre hits the ironbound thunderhulk with a +0 giant club!
The ironbound thunderhulk hits your ogre with a +0 dire flail!!
Your ogre rages.
Strange energies crackle from the ironbound thunderhulk's apparatus.
The ironbound thunderhulk blinks!
Your skin stops crawling.
You feel less strong-willed.
Your ogre hits the ironbound thunderhulk with a +0 giant club!!!
Electricity crackles from the ironbound thunderhulk's apparatus.
The bolt of lightning hits you!!!
You die...

####.#..#.## .. #.#..#.# #.
#......# #.####..############
....##......ยง....^.########
.......[.####.####.#......#
.......#.####O####.#.###..#####
..#.####.#...O..##.#.#........#
.##.# #.#.##.#.@......#..###.#
....# #.#.##......#....#.#
#.### ..###
#......######.####.# #.... .>#
###.#### #.. ..# #....
..#######...########### ###
#.... ..##........##.....#####
#.... ..##.####...##.###.....#
##... .......###..##.# #.....#
#.... ........##..##.#.......#
#.#.#


You could see an ironbound thunderhulk (ally target) and a friendly ogre
(summoned, berserk).

Vanquished Creatures
  An ice dragon (IceCv)
  A boulder beetle (D:12)
  3 death yaks (D:11)
  6 two-headed ogres
  3 skeletal warriors (D:12)
  Pikel (D:5)
  5 ugly things
  A deep elf pyromancer (D:12)
  A cyclops (D:12)
  A manticore (D:11)
  2 ice statues (IceCv)
  An unseen horror (D:9)
  3 gargoyles
  3 rime drakes (IceCv)
  A kobold demonologist (D:12)
  2 trolls
  A hornet (D:7)
  2 shadows
  4 slime creatures (D:12)
  A vampire (D:10)
  2 wyverns
  13 yaks
  A basilisk (D:13)
  3 steam dragons
  A human (D:13)
  3 vampire mosquitoes (D:11)
  Menkaure (D:5)
  A sky beast (D:6)
  A black bear (D:5)
  2 orc warriors
  4 ogres
  3 centaurs
  A phantom (D:5)
  5 kobold brigands
  3 bullfrogs
  A gnoll sergeant (D:8)
  11 scorpions
  5 wights (D:8)
  4 lindwurm simulacra (IceCv)
  15 killer bees
  4 howler monkeys
  3 bombardier beetles
  6 komodo dragon simulacra (IceCv)
  5 orc priests
  3 hounds
  3 jellies (D:6)
  3 gnoll boudas
  A sleepcap (D:4)
  3 iron imps (D:4)
  An iguana (D:6)
  6 orc wizards
  A hell rat (D:11)
  18 gnolls
  5 acid dragon simulacra (IceCv)
  3 adders
  5 river rats (D:11)
  3 shadow imps
  2 white imps
  6 steam dragon simulacra (IceCv)
  2 dart slugs
  22 orcs
  9 ball pythons
  3 bats
  7 endoplasms
  8 giant cockroaches
  6 goblins
  3 hobgoblins
  7 jackals
  2 quokkas
  3 frilled lizards
  24 kobolds
  9 rats
  A butterfly (D:6)
310 creatures vanquished.

Vanquished Creatures (others)
  A rime drake (IceCv)
1 creature vanquished.

Grand Total: 311 creatures vanquished

Notes
Turn   | Place    | Note
-------+----------+-------------------------------------------
     0 | D:1      | samfromsteam the Minotaur Berserker began the quest for the
                  | Orb.
     0 | D:1      | Reached XP level 1. HP: 19/19 MP: 0/0
    55 | D:1      | Reached XP level 2. HP: 25/27 MP: 1/1
   389 | D:1      | Reached XP level 3. HP: 33/33 MP: 2/2
   554 | D:1      | Reached ** piety under Trog
   917 | D:2      | Noticed an ogre
   973 | D:2      | Killed an ogre
   974 | D:2      | Reached XP level 4. HP: 39/41 MP: 3/3
   974 | D:2      | Reached XP level 5. HP: 45/47 MP: 4/4
  1721 | D:3      | Found an ornate altar of the Wu Jian Council.
  1782 | D:3      | Found a white marble altar of Elyvilon.
  2287 | D:4      | Found a staircase to the Ecumenical Temple.
  2462 | D:4      | Noticed an ogre
  2469 | D:4      | Killed an ogre
  2470 | D:4      | Reached skill level 5 in Fighting
  2470 | D:4      | Reached skill level 5 in Axes
  2470 | D:4      | Reached XP level 6. HP: 43/56 MP: 5/5
  2871 | D:4      | Found a burning altar of Makhleb.
  3180 | D:5      | Entered Level 5 of the Dungeon
  3180 | D:5      | Noticed Pikel
  3188 | D:5      | Killed Pikel
  3189 | D:5      | Reached skill level 5 in Armour
  3189 | D:5      | Reached skill level 5 in Dodging
  3189 | D:5      | Reached XP level 7. HP: 64/64 MP: 6/6
  3398 | D:5      | Noticed Menkaure
  3408 | D:5      | Killed Menkaure
  3409 | D:5      | Reached XP level 8. HP: 71/71 MP: 7/7
  3886 | D:5      | Found a glowing silver altar of Zin.
  3886 | D:5      | Noticed an angel
  3975 | D:5      | You fall into a shaft and drop 2 floors!
  3996 | D:7      | Reached *** piety under Trog
  4315 | D:6      | Reached XP level 9. HP: 58/81 MP: 8/8
  4583 | D:6      | Found a radiant altar of Vehumet.
  4785 | D:6      | Found a runed translucent door.
  4796 | D:6      | Found a runed translucent door.
  5117 | D:7      | Identified the staff "Minotaur's Death" {rElec rPois rF++
                  | Air}
  5424 | D:7      | Paralysed by a hornet for 3 turns
  6309 | D:8      | Reached XP level 10. HP: 83/91 MP: 9/9
  6434 | D:8      | Reached **** piety under Trog
  6774 | D:8      | Noticed a two-headed ogre
  6803 | D:8      | Killed a two-headed ogre
  6883 | D:8      | Reached skill level 10 in Fighting
  6890 | D:8      | Reached skill level 10 in Axes
  7363 | D:9      | Noticed a two-headed ogre
  7386 | D:9      | Killed a two-headed ogre
  7387 | D:9      | Reached skill level 10 in Armour
  7594 | D:9      | Noticed a two-headed ogre
  7644 | D:9      | Killed a two-headed ogre
  7779 | D:9      | Found a stormy altar of Qazlal.
  7958 | D:9      | Noticed a two-headed ogre
  7969 | D:9      | Killed a two-headed ogre
  7970 | D:9      | Reached XP level 11. HP: 76/101 MP: 10/10
  8638 | D:10     | Entered Level 10 of the Dungeon
  9002 | D:10     | Found a staircase to the Orcish Mines.
  9585 | D:10     | Reached skill level 10 in Dodging
 10390 | D:11     | Noticed a death yak
 10392 | D:11     | Noticed a death yak
 10401 | D:11     | Noticed a death yak
 10410 | D:11     | Killed a death yak
 10416 | D:11     | Killed a death yak
 10424 | D:11     | Killed a death yak
 10447 | D:11     | Noticed a two-headed ogre
 10464 | D:11     | Killed a two-headed ogre
 10471 | D:11     | Found a staircase to the Lair.
 10588 | D:11     | Found a frozen archway.
 10589 | D:11     | Noticed a green ugly thing
 10602 | D:11     | Killed a green ugly thing
 10608 | IceCv    | Entered an ice cave
 11528 | IceCv    | Noticed an ice dragon
 11672 | IceCv    | Killed an ice dragon
 11673 | IceCv    | Reached XP level 12. HP: 88/110 MP: 11/11
 12024 | D:11     | Identified the +3 leather armour of the Wary Seers {rN+
                  | Dex+2}
 12527 | D:12     | Noticed a boulder beetle
 12541 | D:12     | Killed a boulder beetle
 12629 | D:12     | Noticed a two-headed ogre
 12650 | D:12     | Killed a two-headed ogre
 12828 | D:12     | Reached ***** piety under Trog
 13465 | D:13     | Noticed an ironbound thunderhulk
 13504 | D:13     | Killed from afar by an ironbound thunderhulk

Illustrated notes

Levels and vault maps discovered:
D:1:      wander_arrival_chamber, layout_loops_cross,
          nicolae_twisty_statue_hallways
D:2:      layout_basic, serial_forest, infiniplex_forest_lined_corner,
          infiniplex_forest_lined_2, infiniplex_forest_lined_2,
          infiniplex_forest_straight_4, infiniplex_forest_lined_corner,
          grunt_ministairs_11
D:3:      layout_basic, mainiacjoe_overflow_alcove_4, elyvilon_altar_4
D:4:      layout_basic, demons_altar, minmay_temple_entry_fiery, serial_forest,
          infiniplex_forest_zigzag_2, infiniplex_forest_corner_2,
          infiniplex_forest_split, infiniplex_forest_end_3,
          infiniplex_forest_clump_long, chequers_avenue
D:5:      layout_loops_ring, zin_angel, uniq_pikel, uniq_menkaure
D:6:      lemuel_insect_pit, layout_cave_pools, mainiacjoe_overflow_tiny_flanked
D:7:      layout_basic
D:8:      layout_basic
D:9:      layout_loops_corners, kennysheep_little_box
D:10:     layout_stronghold, orc_0_dummy
D:11:     layout_gridville, dpeg_lair_monsters, portal_ice_cave_entry_pillars_1
D:12:     layout_rooms
D:13:     layout_loops_cross, hellmonk_vaults_keyhole, gauntlet_entry_generic

Skill      XL: |  1  2  3  4  5  6  7  8  9 10 11 12 |
---------------+-------------------------------------+-----
Axes           | 4 5 6 7 9 10 12 13 | 13.4
Fighting       | 4 5 6 7 9 10 12 13 | 13.5
Armour         | 3 4 5 6 7 9 10 12 13 | 13.2
Dodging        | 3 5 6 8 9 11 12 | 12.2

Action                     |  1- 3 |  4- 6 |  7- 9 | 10-12 || total
---------------------------+-------+-------+-------+-------++-------
  Melee: Hand axe          |    86 |       |       |       ||    86
         Headbutt          |    10 |    17 |    40 |   164 ||   231
         Dagger            |     4 |    39 |       |       ||    43
         Spear             |       |    57 |       |       ||    57
         Whip              |       |       |   228 |   638 ||   866
         Punch             |       |       |     3 |     7 ||    10
 Invoke: Berserk           |     1 |     2 |     5 |    22 ||    30
         Trog's Hand       |       |       |     1 |     9 ||    10
         Brothers in Arms  |       |       |       |     1 ||     1
Ability: Evoke Invisibilit |       |       |       |     1 ||     1
    Use: Scroll            |       |       |       |     7 ||     7
         Potion            |       |       |       |     1 ||     1
   Stab: Invisible         |       |       |       |     4 ||     4
 Armour: Animal skin       |    41 |     4 |       |       ||    45
         Ring mail         |       |    25 |   150 |   293 ||   468
         Plate armour      |       |     7 |       |       ||     7
         Chain mail        |       |       |       |    86 ||    86
  Dodge: Dodged            |    70 |    50 |   138 |   305 ||   563

Table legend: (Time is in decaauts)
 A = Elapsed time spent in this place.
 B = Non-inter-level travel time spent in this place.
 C = Inter-level travel time spent in this place.
 D = Time resting spent in this place.
 E = Time spent auto-exploring this place.
 F = Levels seen in this place.
 G = Mean time per level.
                   A        B        C        D        E       F      G
               +--------+--------+--------+--------+--------+-----+--------+
         Total |  13574 |  13249 |    325 |   2775 |   7656 |  14 |  969.6 |
       Dungeon |  12235 |  11910 |    325 |   2019 |   7448 |  13 |  941.2 |
      Ice Cave |   1339 |   1339 |      0 |    756 |    208 |   1 | 1339.0 |
               +--------+--------+--------+--------+--------+-----+--------+

Top non-repeatable levels by time:
     D:9: 1546 daAuts
   IceCv: 1339 daAuts
    D:10: 1321 daAuts
     D:8: 1284 daAuts
     D:7: 1204 daAuts
     D:4: 1015 daAuts
     D:5: 1013 daAuts
     D:2: 982 daAuts
    D:11: 900 daAuts
    D:12: 761 daAuts
     D:1: 727 daAuts
     D:6: 696 daAuts
     D:3: 554 daAuts
    D:13: 226 daAuts
